 Dungeon Crawl Stone Soup version 0.25.0-33-gff14898491 (webtiles) character file.

Game seed: 10543004400074009758

304 Peloso the Covered (level 6, 0/48 HPs)
             Began as a Demonspawn Fighter on July 7, 2020.
             Was an Initiate of Okawaru.
             Splashed by a jelly's acid (9 damage)
             ... on level 4 of the Dungeon.
             The game lasted 00:05:51 (3999 turns).

Peloso the Covered (Demonspawn Fighter)             Turns: 3999, Time: 00:05:52

Health: 0/48       AC:  3    Str: 19    XL:     6   Next: 15%
Magic:  6/6        EV:  7    Int:  9    God:    Okawaru [......]
Gold:   148        SH:  9    Dex: 12    Spells: 5/5 levels left

rFire    + . .     SeeInvis .   a - +0 long sword
rCold    . . .     Gourm    .   c - +0 kite shield
rNeg     . . .     Faith    +   b - +0 scale mail
rPois    .         Spirit   .   (no helmet)
rElec    .         Reflect  .   (no cloak)
rCorr    .         Harm     .   (no gloves)
MR       .....                  (no boots)
Stlth    ..........             p - amulet of faith
HPRegen  0.16/turn              (no ring)
MPRegen  0.10/turn              (no ring)

@: lethally poisoned (0 -> -2), corroded, lightly drained
A: fire resistance 1
a: Renounce Religion


You were on level 4 of the Dungeon.
You worshipped Okawaru.
Okawaru was noncommittal.
You were not hungry.

You visited 2 branches of the dungeon, and saw 5 of its levels.

You collected 148 gold pieces.

Inventory:

Hand Weapons
 a - a +0 long sword (weapon)
Armour
 b - a +0 scale mail (worn)
 c - a +0 kite shield (worn)
 u - a +0 chain mail
Jewellery
 p - an amulet of faith (around neck)
Scrolls
 j - 7 scrolls of identify {unknown}
 k - 3 scrolls of remove curse {unknown}
 l - 2 scrolls of noise {unknown}
 n - 2 scrolls of enchant weapon {unknown}
 o - a scroll of random uselessness {unknown}
 q - a scroll of enchant armour {unknown}
 r - 2 scrolls of teleportation {unknown}
 s - a scroll of fear {unknown}
 t - a scroll of immolation {unknown}
Potions
 e - a potion of resistance {unknown}
 g - a potion of flight {unknown}
 h - a potion of curing
 i - a potion of lignification {unknown}
 m - a potion of mutation {unknown}
Comestibles
 d - 7 chunks of flesh
 f - 5 rations


   Skills:
 + Level 3.8(3.7) Fighting
 + Level 3.7(3.6) Long Blades
 + Level 3.8 Armour
 + Level 1.2(1.1) Dodging
 + Level 0.1(0.0) Stealth
 + Level 3.5(3.4) Shields


You had 5 spell levels left.
You didn't know any spells.
Your spell library was empty.

Dungeon Overview and Level Annotations

Branches:
Dungeon (4/15)             Temple (1/1) D:4

Altars:
Ashenzari
Elyvilon
Fedhas
Gozag
Hepliaklqana
Kikubaaqudgha
Makhleb
Okawaru
Qazlal
Uskayaw
Vehumet
Wu Jian
Xom
Yredelemnul
Zin
The Shining One


Innate Abilities, Weirdness & Mutations

Your flesh is heat resistant. (rF+)


Message History

The jelly is moderately wounded.
You feel sick. The jelly closely misses you.
Unknown command.
You hit the jelly but do no damage.
Your hands burn!
* * * LOW HITPOINT WARNING * * *
The jelly is moderately wounded.
You feel sick. You block the jelly's attack. The jelly closely misses you.
You barely miss the jelly.
The jelly is moderately wounded.
You block the jelly's attack.
Unknown command.
You feel sick.
Things that are here:
a +0 club; an orc skeleton You feel sick.
There is a stone staircase leading up, spattered with blood here.
The jelly hits you.
* * * LOW HITPOINT WARNING * * *
You are splashed with acid!
You die...

#..................
####'#### .......
#.......####.......
#.......##.#.......
+...>..Z†..........
#.......#Z...#.....
#.......#.Z........
####+####.J.....#.
#.#..@)....#..
#....[......#
###.......###
#...........#
...............
.....#.........
.........#.....
...............
...............


You could see a jelly, an adder skeleton and a quokka skeleton.

Vanquished Creatures
  A crimson imp (D:3)
  An orc priest (D:3)
  3 worker ants
  Natasha (twice) (D:2)
  2 adders
  A worm (D:3)
  4 dart slugs
  2 leopard geckos (D:3)
  13 orcs
  A giant cockroach (D:2)
  6 goblins
  8 hobgoblins
  11 jackals
  3 bats
  6 frilled lizards
  7 kobolds
  8 rats
79 creatures vanquished.

Notes
Turn   | Place    | Note
-------+----------+-------------------------------------------
     0 | D:1      | Peloso the Demonspawn Fighter began the quest for the Orb.
     0 | D:1      | Reached XP level 1. HP: 18/18 MP: 1/1
   221 | D:1      | Gained mutation: Your flesh is heat resistant. (rF+)
                  | [demonic ancestry]
   221 | D:1      | Reached XP level 2. HP: 24/24 MP: 2/2
   860 | D:1      | Reached XP level 3. HP: 11/29 MP: 3/3
  1402 | D:2      | Found a faded altar of an unknown god.
  1462 | D:2      | Noticed Natasha
  1482 | D:2      | Killed Natasha
  1483 | D:2      | Reached XP level 4. HP: 7/35 MP: 4/4
  1740 | D:2      | Noticed Natasha
  1760 | D:2      | Killed Natasha
  1875 | D:2      | Found a shattered altar of Ashenzari.
  2341 | D:3      | Reached XP level 5. HP: 32/41 MP: 5/5
  2613 | D:3      | Reached skill level 1 in Dodging
  3830 | D:4      | Found a staircase to the Ecumenical Temple.
  3842 | D:3      | Reached XP level 6. HP: 43/48 MP: 6/6
  3903 | Temple   | Entered the Ecumenical Temple
  3948 | Temple   | Became a worshipper of Warmaster Okawaru
  3999 | D:4      | Splashed by a jelly's acid

Illustrated notes

Levels and vault maps discovered:
D:1:      lemuel_arrival_behind_the_door_small, layout_rooms
D:2:      layout_rooms, lemuel_crystal_altar, chequers_ecumenical_altar_lobes,
          uniq_natasha
D:3:      layout_loops_ring, first_ration, chequers_serial_rivers_marsh
D:4:      layout_cave_pools, temple_green, okawaru_ov_weapons_minmay,
          uniq_edmund
Temple:   kilobyte_greek_temple

Skill      XL: |  1  2  3  4  5 |
---------------+----------------+-----
Long Blades    | 2 3 |  3.7
Armour         | 3 |  3.8
Shields        | 3 |  3.5
Dodging        | 1 |  1.2
Fighting       | |  3.8
Stealth        | |  0.1

Action                   |  1- 3 |  4- 6 || total
-------------------------+-------+-------++-------
Melee: Long sword        |    77 |   215 ||   292
  Use: Potion            |     1 |     2 ||     3
  Eat: Chunk             |     2 |     8 ||    10
Armor: Scale mail        |    42 |    96 ||   138
Dodge: Dodged            |    19 |    68 ||    87
Block: Kite shield       |    44 |   104 ||   148
       Rpst.: Long sword |    10 |    30 ||    40
